 Dungeon Sprint DCSS version 0.29-a0-919-gd064cfad1c (webtiles) character file.

Game seed: 5137682908291275389

933 SkeletonJelly the Nimble (level 7, -9/41 HPs)
             Began as a Spriggan Gladiator on July 27, 2022.
             Was a Follower of Okawaru.
             Mangled by a troll (12 damage)
             ... in the Dungeon (Sprint IX: "|||||||||||||||||||||||||||||").
             The game lasted 00:03:05 (362 turns).

SkeletonJelly the Nimble (Spriggan Gladiator)        Turns: 362, Time: 00:03:06

Health: -9/41      AC:  2    Str: 10    XL:     7   Next: 86%
Magic:  8/8        EV: 26    Int: 13    God:    Okawaru [*.....]
Gold:   0          SH:  0    Dex: 21    Spells: 6/6 levels left

rFire   . . .      SeeInvis +   a - +0 long sword
rCold   . . .      Faith    .   (no shield)
rNeg    . . .      Spirit   .   b - +0 robe
rPois   .          Reflect  .   c - +0 hat
rElec   .          Harm     .   (no cloak)
rCorr   .          Rampage  .   (gloves unavailable)
Will    +....      NoTele   +   (boots unavailable)
Stlth   ++........              (no amulet)
HPRegen 0.13/turn               q - +3 ring of dexterity
MPRegen 0.11/turn               p - +3 ring of intelligence

@: very quick
A: very small, no large weapons, unfitting armour, see invisible, speed 3
a: Renounce Religion, Heroism


You were in the Dungeon.
You worshipped Okawaru.
Okawaru was aware of your devotion.
You visited 1 branch

Inventory:

Hand Weapons
 a - a +0 long sword (weapon)
 n - a +2 rapier of draining
 o - a +2 scimitar of flaming
Missiles
 d - 3 throwing nets (quivered)
 e - 2 boomerangs
Armour
 b - a +0 robe (worn)
 c - a +0 hat (worn)
Jewellery
 p - a +3 ring of intelligence (right hand)
 q - a +3 ring of dexterity (left hand)
Wands
 m - a wand of roots (3)
Scrolls
 k - a scroll of blinking
 l - 2 scrolls of amnesia
Potions
 f - 5 potions of curing
 g - a potion of heal wounds
 h - a potion of haste
 i - 4 potions of magic


   Skills:
 + Level 6.7 Fighting
 * Level 9.5 Long Blades
 + Level 8.0 Throwing
 + Level 10.9 Dodging


You had 6 spell levels left.
You didn't know any spells.
Your spell library was empty.

Dungeon Overview and Level Annotations

Branches:
Dungeon (1/1)

Altars:
Cheibriados
Dithmenos
Elyvilon
Fedhas
Gozag
Hepliaklqana
Kikubaaqudgha
Makhleb
Nemelex Xobeh
Okawaru
Qazlal
Ru
Sif Muna
Trog
Uskayaw
Vehumet
Wu Jian
Xom
Yredelemnul
Zin
The Shining One
Jiyva
Lugonu


Innate Abilities, Weirdness & Mutations

You are very small and have problems with some larger weapons.
You are too small for most types of armour.
You have supernaturally acute eyesight. (SInv)
You cover ground extremely quickly. (Speed+++)


Message History

The howler monkey hoots and howls with incredible vigour!
The howler monkey completely misses you.
You slash the howler monkey!
The howler monkey is severely wounded.
The howler monkey closely misses you.
You closely miss the howler monkey.
The howler monkey is severely wounded.
The howler monkey hoots and howls with incredible vigour!
You feel much better. The howler monkey misses you.
You regained 22 hp, and now have 32/35 hp.
You slash the howler monkey!
You kill the howler monkey!
Okawaru accepts your kill.
Your Dodging skill increases to level 9!
You hit the two-headed ogre but do no damage.
The two-headed ogre is lightly wounded.
The two-headed ogre misses you. x2
You hit the two-headed ogre but do no damage.
The two-headed ogre is lightly wounded.
You slash the two-headed ogre!
The two-headed ogre is moderately wounded.
The two-headed ogre completely misses you.
The two-headed ogre misses you.
You slash the two-headed ogre!
The two-headed ogre is heavily wounded.
The two-headed ogre misses you.
The two-headed ogre hits you with a +0 giant club!
You take 16 damage, and have 17/35 hp.
MASSIVE DAMAGE!!
You slash the two-headed ogre!
The two-headed ogre is severely wounded.
Okay, then.
You hit the two-headed ogre.
The two-headed ogre is almost dead.
The two-headed ogre closely misses you. x2
You hit the two-headed ogre but do no damage.
The two-headed ogre is almost dead.
The two-headed ogre closely misses you.
The two-headed ogre hits you with a +0 giant club!
* * * LOW HITPOINT WARNING * * *
You take 16 damage, and have 1/35 hp.
MASSIVE DAMAGE!!
You barely miss the two-headed ogre.
The two-headed ogre is almost dead.
You slash the two-headed ogre!
You kill the two-headed ogre!
Okawaru is honoured by your kill. The killer bee closely misses you.
Your Fighting skill increases to level 6!
Your Long Blades skill gained 2 levels and is now at level 9!
Your Throwing skill gained 2 levels and is now at level 8!
Your Dodging skill increases to level 10!
You have reached level 7!
MP restored: 8 Blink to where?
Press: ? - help, Dir - move target
As you read the scroll of blinking, it crumbles to dust.
You close the door.
Items here: )) ††.
You close the door.
You start resting.
A troll opens the door.
The troll shouts!
Aiming: Fastroot
Press: ? - help, Shift-Dir - straight line, f - troll
Aim: a troll The roots erupt in riotous growth!
Roots grab the troll.
The grasping roots constrict the troll.
The troll escapes!
Aiming: Fastroot
Press: ? - help, Shift-Dir - straight line, f/p - troll
Aim: a troll (lightly wounded)
The roots erupt in riotous growth!
Roots grab the troll.
The grasping roots constrict the troll.
The troll struggles to escape constriction.
The grasping roots constrict the troll.
You feel much better.
The grasping roots constrict the troll!
The roots release their grip on the troll.
You regained 17 hp, and now have 21/41 hp.
You slash the troll!
The troll is severely wounded.
The troll completely misses you. The troll closely misses you.
The troll misses you.
You hit the troll but do no damage.
The troll is severely wounded.
The troll bites you!
* * * LOW HITPOINT WARNING * * *
The troll misses you. The troll claws you.
* * * LOW HITPOINT WARNING * * *
You take 18 damage, and have 3/41 hp.
MASSIVE DAMAGE!!
You hit the troll but do no damage.
The troll is severely wounded.
The troll completely misses you. x3
You slash the troll!
The troll is almost dead.
The troll completely misses you. The troll closely misses you. x2
You hit the troll. You punch the troll, but do no damage.
The troll is almost dead.
The troll completely misses you. The troll closely misses you.
The troll claws you!
You die... ▓▓▓▓▓▓▓▓▓▓▓▓▓▓▓▓▓▓▓▓▓▓▓▓▓ _______'.....')T@.)+y.)§▓ ▓▓▓▓▓▓▓▓▓▓▓▓▓▓▓▓▓▓▓▓▓▓▓▓▓

You could see a troll.

Vanquished Creatures
  A two-headed ogre (D)
  A hornet (D)
  A scorpion (D)
  A howler monkey (D)
  A hound (D)
  A gnoll (D)
  An adder (D)
  An orc (D)
  An endoplasm (D)
  2 frilled lizards (D)
  A kobold (D)
  A rat (D)
13 creatures vanquished.

Notes
Turn   | Place    | Note
-------+----------+-------------------------------------------
     0 | D        | SkeletonJelly the Spriggan Gladiator began the quest for
                  | the Orb.
     0 | D        | Reached XP level 1. HP: 10/10 MP: 2/2
   143 | D        | Noticed a hound
   143 | D        | Noticed a scorpion
   148 | D        | Reached XP level 2. HP: 16/16 MP: 3/3
   150 | D        | Killed a scorpion
   151 | D        | Reached skill level 6 in Dodging
   151 | D        | Reached XP level 3. HP: 20/20 MP: 4/4
   151 | D        | Reached XP level 4. HP: 24/24 MP: 5/5
   157 | D        | Reached skill level 5 in Long Blades
   179 | D        | Found a snail-covered altar of Cheibriados.
   179 | D        | Found a shadowy altar of Dithmenos.
   179 | D        | Found a white marble altar of Elyvilon.
   179 | D        | Found a blossoming altar of Fedhas.
   179 | D        | Found an opulent altar of Gozag.
   180 | D        | Found a hazy altar of Hepliaklqana.
   181 | D        | Found a viscous altar of Jiyva.
   182 | D        | Found an ancient bone altar of Kikubaaqudgha.
   183 | D        | Found a corrupted altar of Lugonu.
   184 | D        | Found a burning altar of Makhleb.
   185 | D        | Found a sparkling altar of Nemelex Xobeh.
   186 | D        | Found an iron altar of Okawaru.
   187 | D        | Found a stormy altar of Qazlal.
   188 | D        | Found a sacrificial altar of Ru.
   189 | D        | Found a shimmering blue altar of Sif Muna.
   190 | D        | Found a bloodstained altar of Trog.
   191 | D        | Found a hide-covered altar of Uskayaw.
   192 | D        | Found a radiant altar of Vehumet.
   193 | D        | Found an ornate altar of the Wu Jian Council.
   194 | D        | Became a worshipper of Warmaster Okawaru
   195 | D        | Found a shimmering altar of Xom.
   196 | D        | Found a basalt altar of Yredelemnul.
   197 | D        | Found a glowing silver altar of Zin.
   198 | D        | Found a glowing golden altar of the Shining One.
   227 | D        | Noticed a troll
   227 | D        | Noticed a troll
   227 | D        | Noticed a two-headed ogre
   227 | D        | Noticed a hornet
   266 | D        | Killed a hornet
   266 | D        | Reached * piety under Okawaru
   267 | D        | Reached skill level 5 in Fighting
   267 | D        | Reached skill level 8 in Dodging
   267 | D        | Reached XP level 5. HP: 5/30 MP: 6/6
   267 | D        | Reached XP level 6. HP: 5/35 MP: 7/7
   329 | D        | Reached skill level 9 in Dodging
   335 | D        | HP: 1/35 [two-headed ogre/+0 giant club (16)]
   337 | D        | Killed a two-headed ogre
   338 | D        | Reached skill level 10 in Dodging
   338 | D        | Reached XP level 7. HP: 2/41 MP: 8/8
   362 | D        | Mangled by a troll

Illustrated notes

Levels and vault maps discovered:
D:        linesprint [early_d, line_temple, items_1, d_10, items_2, lair_1,
          lair_end, items_3, orc_1, orc_end, items_4, d_15, swamp_1, shoals_1,
          snake_1, spider_1, d_20, vaults_1, items_5, swamp_end, shoals_end,
          snake_end, spider_end, vaults_end, d_27, items_6, zot_1, zot_end,
          crypt_end, forest_end, elf_end, slime_end, tomb_end, abyss_end,
          pan_hell_end]

Skill      XL: |  1  2  3  4  5  6 |
---------------+-------------------+-----
Fighting       | 2 3 5 6 |  6.7
Long Blades    | 3 4 7 9 |  9.5
Throwing       | 4 6 8 |  8.0
Dodging        | 6 8 10 | 10.9

Action                   |  1- 3 |  4- 6 |  7- 9 || total
-------------------------+-------+-------+-------++-------
Melee: Long sword        |    21 |    38 |     5 ||    64
       Punch             |     1 |       |     1 ||     2
Evoke: Wand              |       |     5 |     2 ||     7
  Use: Potion            |     1 |     2 |     1 ||     4
       Scroll            |       |       |     1 ||     1
 Stab: Invisible         |       |     6 |       ||     6
Armor: Robe              |     2 |       |       ||     2
Dodge: Dodged            |    15 |    40 |    12 ||    67

Table legend: (Time is in decaauts)
 A = Elapsed time spent in this place.
 B = Non-inter-level travel time spent in this place.
 C = Inter-level travel time spent in this place.
 D = Time resting spent in this place.
 E = Time spent auto-exploring this place.
 F = Levels seen in this place.
 G = Mean time per level.
                   A        B        C        D        E       F      G
               +--------+--------+--------+--------+--------+-----+--------+
         Total |    329 |    329 |      0 |      6 |    154 |   1 |  329.0 |
       Dungeon |    329 |    329 |      0 |      6 |    154 |   1 |  329.0 |
               +--------+--------+--------+--------+--------+-----+--------+

Top non-repeatable levels by time:
       D: 329 daAuts
